 Dungeon Crawl Stone Soup version 0.28-a0-1447-ga5a8893891 (webtiles) character file.

Game seed: 2366288198388959855

168 freelancePsychic the Magician (level 5, -3/39 HPs)
             Began as a Djinni Summoner on Jan 11, 2022.
             Killed by divine providence
             ... invoked by an orc priest
              (17 damage)
             ... on level 3 of the Dungeon.
             The game lasted 00:06:27 (3915 turns).

freelancePsychic the Magician (Djinni Summoner)     Turns: 3915, Time: 00:06:28

Health: -3/39      AC:  2    Str:  7    XL:     5   Next: 78%
Gold:   114        EV: 12    Int: 19    God:
                   SH:  0    Dex: 13

rFire   + + .      SeeInvis .   i - +2 dagger (venom)
rCold   x . .      Faith    .   (no shield)
rNeg    . . .      Spirit   .   a - +0 robe
rPois   ∞          Reflect  .   (no helmet)
rElec   .          Harm     .   (no cloak)
rCorr   .          Rampage  .   (no gloves)
Will    .....                   (boots unavailable)
Stlth   ++........              (no amulet)
HPRegen 0.13/turn               (no ring)
MPRegen 0.00/turn               (no ring)

@: flying
A: sickness immunity, fire resistance 2, cold vulnerability 1, float, innate
caster, hp casting, extra vitality 1
a: no special abilities


You were on level 3 of the Dungeon.
You visited 1 branch of the dungeon, and saw 3 of its levels.

You collected 114 gold pieces.

Inventory:

Hand Weapons
 i - a +2 dagger of venom (weapon)
Armour
 a - a +0 robe (worn)
 g - a +0 ring mail
Scrolls
 c - a scroll of silence {unknown}
 e - a scroll of vulnerability
 h - a scroll of immolation
 j - a scroll of enchant weapon
 k - a scroll of fog
 l - a scroll of blinking
 m - 3 scrolls of teleportation {@r4}
Potions
 b - a potion of ambrosia {unknown}
 d - a potion of flight {unknown}
 f - a potion of might {unknown}
 n - a potion of mutation {unknown}


   Skills:
 + Level 2.6 Fighting
 - Level 2.1 Dodging
 - Level 1.5 Stealth
 * Level 4.6 Spellcasting


You couldn't memorise any spells.
You knew the following spells:

 Your Spells              Type           Power      Damage    Failure   Level
a - Summon Small Mammal   Summ           88%        N/A       1%          1
b - Call Canine Familiar  Summ           22%        N/A       6%          3
c - Summon Guardian Gole  Hex/Summ       22%        N/A       6%          3
d - Summon Lightning Spi  Summ/Air       22%        N/A       19%         4
e - Call Imp              Summ           22%        N/A       3%          2
f - Pain                  Necr           88%        1d8       1%          1
g - Ensorcelled Hibernat  Hex/Ice        44%        N/A       3%          2
Your spell library was empty.

Dungeon Overview and Level Annotations

Branches:
Dungeon (3/15)

Altars:
Okawaru
Vehumet


Innate Abilities, Weirdness & Mutations

You are immune to sickness and miasma.
You are immune to poison.
Your flesh is very heat resistant. (rF++)
You are vulnerable to cold. (rC-)
You float through the air rather than walking.
You learn spells naturally, not from books.
Your magical power is your life essence.
You have superior vitality. (+4 MHP)


Message History

You swap places.
The orc priest hits your guardian golem but does no damage.
The orc priest hits your guardian golem with a +0 mace.
Something hits your guardian golem. What are your orders? t - Shout!
Orders for allies: a - Attack new target. p - Attack previous target. r - Retreat! s - Stop attacking. g - Guard the area. f - Follow me.
Anything else - Cancel.
Gang up on whom?
Press: ? - help, Dir - move target, f/p - orc priest
Aim: an orc priest, wielding a +0 mace and wearing a +0 ring mail (ally target) Attack!
Your hound bites the orc priest.
Your hound bites the orc priest but does no damage.
The orc priest begins to cast a cantrip, but forgets the words!
Your hound bites the orc priest.
The orc priest hits your hound with a +0 mace!
Your hound bites the orc priest but does no damage.
Your hound closely misses the orc priest.
The orc priest miscasts a cantrip.
Your guardian golem overheats!
Your hound barely misses the orc priest.
The orc priest barely misses your hound.
Your hound bites the orc priest but does no damage.
Your hound bites the orc priest.
The orc priest misses your hound.
Your hound closely misses the orc priest.
The orc priest barely misses your hound.
Your hound disappears in a puff of smoke!
You closely miss the orc priest.
The orc priest is heavily wounded.
The orc priest hits you with a +0 mace!
You barely miss the orc priest.
The orc priest is heavily wounded.
The orc priest hits you with a +0 mace.
You closely miss the orc priest.
The orc priest is heavily wounded.
The orc priest invokes the aid of Beogh against you.
Beogh smites you!
You die...

................#
##.......#####..#
........######.(###.#
....)†.....(........#
....†.......5...#####
...##.########.## .. #.# #.#
.
#.########.############.#####
#.#.(.....9o@.............<.#
#.#.######.#####..#......##.#
...........9.## #.# #.#
###..#...#####.# #.#
#....#.o.....#


You could see an orc priest (ally target) and a friendly guardian golem
(summoned, inner flame).

Vanquished Creatures
  A hound (D:3)
  An adder (D:3)
  2 orcs (D:3)
  2 ball pythons
  A giant cockroach (D:3)
  2 goblins
  2 hobgoblins
  2 jackals (D:3)
  A bat (D:3)
  2 frilled lizards
  2 kobolds (D:3)
  A rat (D:2)
19 creatures vanquished.

Vanquished Creatures (collateral kills)
  An orc wizard (D:3)
  3 adders (D:2)
  3 dart slugs
  2 orcs (D:3)
  2 bats
  3 endoplasms
  A giant cockroach (D:1)
  4 goblins
  3 hobgoblins
  A jackal (D:3)
  4 quokkas
  10 ball pythons
  6 frilled lizards
  2 kobolds (D:2)
  8 rats
53 creatures vanquished.

Grand Total: 72 creatures vanquished

Notes
Turn   | Place    | Note
-------+----------+-------------------------------------------
     0 | D:1      | freelancePsychic the Djinni Summoner began the quest for
                  | the Orb.
     0 | D:1      | Reached XP level 1. HP: 15/15 MP: 0/0
   121 | D:1      | Reached XP level 2. HP: 17/22 MP: 0/0
   384 | D:1      | Found a faded altar of an unknown god.
   557 | D:1      | Reached skill level 1 in Fighting
  1020 | D:1      | Reached XP level 3. HP: 19/27 MP: 0/0
  1020 | D:1      | Learned a level 1 spell: Pain
  1965 | D:2      | Reached XP level 4. HP: 27/32 MP: 0/0
  2047 | D:2      | Reached skill level 4 in Spellcasting
  3258 | D:3      | Reached XP level 5. HP: 35/38 MP: 0/0
  3258 | D:3      | Learned a level 2 spell: Ensorcelled Hibernation
  3309 | D:3      | Found a large runed translucent door.
  3318 | D:3      | Found a large runed translucent door.
  3337 | D:3      | Found an iron altar of Okawaru.
  3915 | D:3      | Killed from afar by an orc priest

Illustrated notes

Levels and vault maps discovered:
D:1:      tarquinn_simple_flora_water_d, layout_rooms,
          dreamdust_ecumenical_altar_statues, minmay_fountain_box,
          minmay_misc_feat_room, dk_noncrumbling_2, minmay_pentomino_p4
D:2:      layout_basic, minmay_divided_ellipse
D:3:      layout_loops_ring, jmf_multi_god_temple2

Skill      XL: |  1  2  3  4 |
---------------+-------------+-----
Fighting       | 1 2 |  2.6
Spellcasting   | 4 |  4.6
Dodging        | |  2.1
Stealth        | |  1.5

Action                   |  1- 3 |  4- 6 || total
-------------------------+-------+-------++-------
Melee: Unarmed           |    10 |       ||    10
       Dagger            |     8 |    44 ||    52
       Punch             |     1 |     1 ||     2
 Cast: Summon Small Mamm |    41 |    21 ||    62
       Call Imp          |    12 |    11 ||    23
       Call Canine Famil |       |     5 ||     5
       Summon Guardian G |       |     3 ||     3
       Summon Lightning  |       |     1 ||     1
  Use: Scroll            |       |     6 ||     6
 Stab: Sleeping          |     1 |     4 ||     5
Armor: Robe              |     5 |    10 ||    15
Dodge: Dodged            |    33 |    33 ||    66

Table legend: (Time is in decaauts)
 A = Elapsed time spent in this place.
 B = Non-inter-level travel time spent in this place.
 C = Inter-level travel time spent in this place.
 D = Time resting spent in this place.
 E = Time spent auto-exploring this place.
 F = Levels seen in this place.
 G = Mean time per level.
                   A        B        C        D        E       F      G
               +--------+--------+--------+--------+--------+-----+--------+
         Total |   3915 |   3868 |     47 |     72 |   3128 |   3 | 1305.0 |
       Dungeon |   3915 |   3868 |     47 |     72 |   3128 |   3 | 1305.0 |
               +--------+--------+--------+--------+--------+-----+--------+

Top non-repeatable levels by time:
     D:2: 1901 daAuts
     D:1: 1331 daAuts
     D:3: 682 daAuts
